[Event "Chessity Nationale Pupillendag 2019 - Groep F"]
[Site "Meppel, Netherlands"]
[Date "2019.06.29"]
[Round "5.6"]
[White "Koorevaar, Sarah-Joy"]
[Black "Van Rijn, Vincent"]
[Result "0-1"]
[TimeControl "15 min + 10 sec"]
[WhiteElo "648"]
[BlackElo "779"]

1. e4 e5 2. f4 exf4 3. Nf3 Nf6 4. Nc3 Nc6 5. d4 d5 6. e5 Ne4 7. Bxf4 Bb4 8. Bd2 Bxc3 9. Bxc3 Nxc3 10.
bxc3 Bf5 11. Bb5 Qd7 12. O-O a6 13. Bxc6 Qxc6 14. Ng5 Bg6 15. Qf3 O-O 16. Rf2 f6 17. Nh3 fxe5 18. Qg4 Rxf2 19. Nxf2 Qxc3 20. Qe6+ Bf7 21.
Qg4 Qxa1+ 22. Nd1 Qxd4+ 23. Nf2 Qxg4 24. Nxg4 Re8 25. h3 e4 26. Ne3 0-1

[Event "Chessity Nationale Pupillendag 2019 - Groep F"]
[Site "Meppel, Netherlands"]
[Date "2019.06.29"]
[Round "6.1"]
[White "Sterk, Ralf"]
[Black "Grooten, Tommy"]
[Result "0-1"]
[TimeControl "15 min + 10 sec"]
[WhiteElo "962"]
[BlackElo "1318"]

1. e4 c5 2. c3 Nf6 3. e5 Nd5 4.
d4 cxd4 5. cxd4 e6 6. Nf3 d6 7. Bc4 dxe5 8. dxe5 Bb4+ 9. Bd2 O-O 10. Bxd5 Bxd2+ 11. Nbxd2 Qxd5 12. O-O Nc6 13.
Re1 b6 14. Qe2 Bb7 15. Rad1 Nd4 16. Nxd4 Qxg2# 0-1

[Event "Chessity Nationale Pupillendag 2019 - Groep F"]
[Site "Meppel, Netherlands"]
[Date "2019.06.29"]
[Round "6.2"]
[White "Heukelom, Aurelia"]
[Black "Vijver, Jonathan"]
[Result "0-1"]
[TimeControl "15 min + 10 sec"]
[WhiteElo "643"]
[BlackElo "948"]

1. d4 f5 2. c4 Nf6 3. Nf3 e6 4.
Nc3 Bb4 5. Bd2 Nc6 6. e3 d6 7. Bd3 Bxc3 8. Bxc3 O-O 9. O-O a6 10. Ng5 h6 11.
Nf3 Kh8 12. b4 Bd7 13. b5 axb5 14. cxb5 Ne7 15. d5 Nfxd5 16. Bb2 e5 17. Bc4 Nb6 18. Bb3 Bxb5 19. a4 Bxf1 20. a5 Nd7 21. Qxf1 c6 22. Ba3 Qc7 23. Qd1 Rxa5 24. Bxd6 Rxa1 25. Bxc7 Rxd1+ 26. Bxd1 e4 27. Bd6 exf3 28.
Bxe7 Re8 29. Ba3 fxg2 30. Kxg2 Ne5 31. f4 Ng4 32. Bxg4 fxg4 33.
Kg3 Rxe3+ 34. Kxg4 Rxa3 35. h4 b5 36. f5 b4 37. h5 b3 38. f6 gxf6 39. Kf5 b2 40. Kxf6 b1=Q 41.
Ke6 Rd3 42. Ke5 Qe1+ 43. Kf6 Rf3+ 44. Kg6 Qg1+ 45. Kxh6 Qg7# 0-1

[Event "Chessity Nationale Pupillendag 2019 - Groep F"]
[Site "Meppel, Netherlands"]
[Date "2019.06.29"]
[Round "6.3"]
[White "Aubel, Daan"]
[Black "Smets, Cas"]
[Result "1-0"]
[TimeControl "15 min + 10 sec"]
[WhiteElo "859"]
[BlackElo "649"]

1. e4 e5 2. Nf3 Nc6 3. Bb5 a6 4.
Bxc6 bxc6 5. d3 Nf6 6. Nxe5 Bc5 7. Nd2 d6 8. Nxc6 Qd7 9. Na5 Ng4 10. O-O Qe6 11. Nf3 Qf6 12. d4 Bb6 13. Nb3 O-O 14. h3 Nh6 15.
e5 dxe5 16. dxe5 Qg6 17. Kh1 Bb7 18. Bf4 Rad8 19. Qe2 Bd4 20. Bxh6 gxh6 21. Nbxd4 Rxd4 22. c3 Re4 23. Qd1 Rxe5 24. Rg1 Rd5 25. Qe2 Rdd8 26. Rad1 Kh8 27. Rxd8 Rxd8 28. Qe5+ Kg8 29. Qxc7 Re8 30. Qxb7 Re2 31. Rf1 a5 32. Qb5 Rc2 33. h4 Rd2 34. Nxd2 Qd6 35. Re1 Qxd2 36. Re8+ Kg7 37.
Qe5+ f6 38. Qg3+ Kf7 39. Qg8# 1-0

[Event "Chessity Nationale Pupillendag 2019 - Groep F"]
[Site "Meppel, Netherlands"]
[Date "2019.06.29"]
[Round "6.4"]
[White "Van Rijn, Vincent"]
[Black "Kurt, Sascha"]
[Result "1/2-1/2"]
[TimeControl "15 min + 10 sec"]
[WhiteElo "779"]
[BlackElo "789"]

1. e4 e5 2. Nf3 Nc6 3. d4 exd4 4. Nxd4 Bc5 5. Nb3 Bb6 6. Nc3 Qf6 7. f3 Qh4+ 8. g3 Qf6 9. Nd5 Qd6 10.
Bf4 Qg6 11. Nxc7+ Bxc7 12. Bxc7 d6 13. Bxd6 Nge7 14. Bd3 Qxd6 15. f4 O-O 16. e5 Qd5 17. Rf1 Nb4 18. Nd4 Qxd4 19. Bxh7+ Kxh7 20.
Qxd4 Nxc2+ 21. Kf2 Nxd4 22. Rfd1 Ndf5 23. g4 Nh4 24. Kg3 Nhg6 25. h4 Rh8 26. h5 Nf8 27. Rh1 Kg8 28. g5 g6 29. h6 Nf5+ 30. Kf2 Ne6 31. Rad1 b6 32. Rh2 Bb7 33.
Rd7 Bc6 34. h7+ Kg7 35. Rd3 Rxh7 36. Rxh7+ Kxh7 37. Rh3+ Kg7 38. Ke1 Nxf4 39. Rc3 Bd5 40. b3 Re8 41. Kd2 Rxe5 42. Rc7 Re2+ 43.
Kc3 Be6 44. Rxa7 Nd5+ 45. Kd3 Re3+ 46. Kd2 Nb4 47. a3 Nc6 48. Rc7 Rxb3 49. Rxc6 Rxa3 50. Rxb6 Ra2+ 51. Kc3 Rg2 52. Kd3 Rxg5 53.
Ke4 Rg4+ 54. Kf3 Rc4 55. Ke2 g5 56. Kf3 Rc6 57. Rb4 Bd5+ 58. Kg4 Rc4+ 59. Rxc4 Ne3+ 60. Kxg5 f6+ 61. Kf4 Nxc4 62.
Kf5 Ne3+ 63. Kf4 Kg6 64. Kxe3 Kg5 65. Kd4 Kg4 66. Kxd5 Kg3 67. Ke6 1/2-1/2

[Event "Chessity Nationale Pupillendag 2019 - Groep F"]
[Site "Meppel, Netherlands"]
[Date "2019.06.29"]
[Round "6.6"]
[White "Pereira Garza, Cecilia"]
[Black "Koorevaar, Sarah-Joy"]
[Result "1-0"]
[TimeControl "15 min + 10 sec"]
[WhiteElo "929"]
[BlackElo "648"]

1. d4 Nf6 2. c4 e6 3. Nc3 Bb4 4. Nf3 Ne4 5. Bd2 Nxd2 6. Qxd2 O-O 7. e3 Nc6 8. Bd3 Re8 9. O-O-O b6 10. Kb1 Bb7 11. h4 e5 12. d5 Nd4 13. e4 d6 14. Rh3 Bc8 15. h5 Nxf3 16.
gxf3 Rb8 17. Rg3 g6 18. Qh6 g5
19. hxg6 fxg6 20. Rh1 Re7 21.
Rhg1 Rg7 22. Ne2 Bc5 23. R1g2 Qf6 24. f4 Bb7 25. f5 Ba6 26. fxg6 Rf8 27. gxh7+ Kh8 28. Rxg7 Qxh6 29. Rxc7 Qh1+ 30. Rg1 Qxg1+ 31. Nxg1 Rxf2 32.
Nh3 Rf3 33. Ng5 Rxd3 34. Rxa7 Bxc4 35.
Ra8+ Kg7 36. h8=Q+ Kg6 37. Rg8# 1-0

[Event "Chessity Nationale Pupillendag 2019 - Groep F"]
[Site "Meppel, Netherlands"]
[Date "2019.06.29"]
[Round "7.2"]
[White "Vijver, Jonathan"]
[Black "Van Rijn, Vincent"]
[Result "0-1"]
[TimeControl "15 min + 10 sec"]
[WhiteElo "948"]
[BlackElo "779"]

1. e4 e5 2. Nf3 Nf6 3. Nxe5 Qe7 4. d4 d6 5.
Nf3 Nxe4 6. Qe2 d5 7. Bf4 Be6 8. Nbd2 Nxd2 9. Nxd2 g5 10. Be5 f6 11. Bg3 Nc6 12. Nb3 h5 13.
h4 Bg4 14. Qxe7+ Bxe7 15. hxg5 fxg5 16. Bxc7 Nb4 17. Bb5+ Bd7 18. Bxd7+ Kxd7 19. Be5 Nxc2+ 20. Kd2 Nxa1 21. Bxh8 Nxb3+ 22. axb3 Rxh8 23. g4 h4 24.
Ke3 Bf6 25. f3 Re8+ 26. Kd3 Rc8 27. Re1 Re8 28. Rc1 Rf8 29. Rf1 h3 30. f4 h2 31. fxg5 Bxg5 32. Rh1 Rf2 33. Kc3 Bf4 34. Kd3 Rg2 35. g5 Rg1 36. g6 Rxh1 37.
g7 Rg1 38. g8=Q Rxg8 39. Kc3 h1=Q 40. Kb4 Bd2+ 41. Ka4 b5+ 42. Kxb5 Rb8+ 43. Ka6 Qf1+ 44. Kxa7 Qb5 45. b4 Qb6# 0-1

[Event "Chessity Nationale Pupillendag 2019 - Groep F"]
[Site "Meppel, Netherlands"]
[Date "2019.06.29"]
[Round "7.3"]
[White "Kurt, Sascha"]
[Black "Pereira Garza, Cecilia"]
[Result "0-1"]
[TimeControl "15 min + 10 sec"]
[WhiteElo "789"]
[BlackElo "929"]

1. e4 e6 2. d4 d5 3. e5 c5 4.
c3 Nc6 5. Nf3 Nge7 6. Bg5 b6 7. Bb5 Bb7 8. Qa4 Qc7 9. Bxe7 Bxe7 10. b3 O-O 11. Nbd2 a6 12. Bxc6 Bxc6 13. Qa3 cxd4 14.
Qc1 dxc3 15. Qxc3 Rac8 16. O-O Bb5 17. Qxc7 Rxc7 18. Rfc1 Rfc8 19. Rxc7 Rxc7 20. a4 Bd3 21. Ne1 Bc2 22.
Rc1 Bb4 23. Ndf3 Rc5 24. Nxc2 Ba3 25. b4 Rc3 26. Rd1 Rxc2 27. Ne1 Re2 28. Kf1 Rxe5 29. Nd3 Re4 30. f3 Rd4 31. Ke2 Bxb4 32.
Nxb4 Rxb4 33. Rc1 h6 34. Rc6 Rxa4 35. Rxb6 Ra2+ 36. Kf1 a5 37. Rb1 a4 38. Ke1 a3 39. Kd1 Kf8 40. Kc1 Ke7 41. Rb3 Ra1+ 42. Kc2 a2 43. Ra3 Rg1 44. Ra7+ Kf6 45. Rxa2 Rxg2+ 46. Kb3 Rxa2 47. Kxa2 Kg5 48. Kb2 Kf4 49. Kc2 Kxf3 50. Kd3 Kg2 51. h4 Kg3 52. h5 Kg4 53. Kd4 Kxh5 54. Ke5 f6+ 55. Kxe6 d4 56.
Kf7 d3 57. Kxg7 d2 58. Kxf6 d1=Q 59.
Kf5 Qf3+ 60. Ke5 Qd3 61. Kf4 Qe2 62. Kf5 Qe3 63. Kf6 Qe4 64. Kg7 Qf5 65. Kg8 Kg6 66.
Kh8 Qc8# 0-1

[Event "Chessity Nationale Pupillendag 2019 - Groep F"]
[Site "Meppel, Netherlands"]
[Date "2019.06.29"]
[Round "7.4"]
[White "Speckamp, Richard"]
[Black "Sterk, Ralf"]
[Result "0-1"]
[TimeControl "15 min + 10 sec"]
[WhiteElo "662"]
[BlackElo "962"]

1. e4 e5 2. Nf3 Nc6 3. Nc3 d6 4. Bc4 Bg4 5. h3 Bh5 6. O-O Nd4 7. Be2 Nxe2+ 8. Qxe2 Qf6 9. Nd5 Qd8 10. d3 h6 11. Bd2 Nf6 12.
Nc3 Be7 13. Rfe1 Bg6 14. d4 exd4 15. Nxd4 O-O 16. Nf5 Bxf5 17. exf5 Re8 18. Rab1 d5 19. Bf4 Bd6 20. Qf3 Bxf4 21.
Qxf4 d4 22. Rxe8+ Nxe8 23. Nb5 c5 24. Rd1 a6 25. Nc3 Qg5 26. Qxg5 hxg5 27. Ne4 f6 28. Nxc5 b6 29. Nb3 Nd6 30.
Nxd4 Re8 31. c3 Nc4 32. b3 Nd6 33. a4 Rc8 34. c4 Rd8 35. Ne6 Rd7 36. Nd4 Nxf5 37. c5 bxc5 38. Rd3 Nxd4 39.
Kf1 Re7 40. f3 Nf5 41. Kf2 Kh7 42. g4 Nh6 43. Kg3 g6 44. h4 gxh4+ 45. Kxh4 f5 46. gxf5 Nxf5+ 47. Kg4 Kh6 48. f4 Kg7 49. Rd5 Ne3+ 50. Kg5 Nxd5 51.
f5 gxf5 52. Kxf5 Re3 53. b4 cxb4 54. a5 b3 55. Kg5 b2 56. Kf5 b1=R 57. Kg5 Rf1 58.
Kh4 Rg1 59. Kh5 Rh3# 0-1

[Event "Chessity Nationale Pupillendag 2019 - Groep F"]
[Site "Meppel, Netherlands"]
[Date "2019.06.29"]
[Round "7.5"]
[White "Verwer, Oscar"]
[Black "Smets, Cas"]
[Result "1-0"]
[TimeControl "15 min + 10 sec"]
[WhiteElo "864"]
[BlackElo "649"]

1. e4 e5 2. Nf3 Nc6 3. d4 exd4 4. Bc4 Nf6 5. e5 Ng4 6.
O-O Ngxe5 7. Nxe5 Nxe5 8. Re1 d6 9. f4 f6 10. fxe5 fxe5 11. Qxd4 Qf6 12. Qe4 Be6 13. Rf1 Qh6 14. Bxh6 Bxc4 15. Qxc4 gxh6 16. Qf7+ Kd8 17. Qf6+ Be7 18. Qxh8+ Kd7 19. Qxa8 h5 20.
Qxb7 h4 21. Qb5+ c6 22. Qb7+ Ke6 23. Qc8+ Kd5 24. Nc3+ Kd4 25. Qg4+ e4 26. Qxe4+ Kc5 27. b4+ Kb6 28. Qxe7 h3 29. Qd8+ Ka6 30. Qc8+ Kb6 31. Rf7 c5 32. Qb7# 1-0

[Event "Chessity Nationale Pupillendag 2019 - Groep F"]
[Site "Meppel, Netherlands"]
[Date "2019.06.29"]
[Round "7.6"]
[White "Gelten, Evan"]
[Black "Heukelom, Aurelia"]
[Result "1-0"]
[TimeControl "15 min + 10 sec"]
[WhiteElo "710"]
[BlackElo "643"]

1. e4 e5 2. Nf3 Nc6 3. Bc4 Nf6 4.
Nc3 Bb4 5. d3 Bxc3+ 6. bxc3 O-O 7. Bg5 d6 8. h3 Bd7 9. O-O h6 10. Bh4 a6 11. Qd2 b5 12. Bd5 Rb8 13. d4 Be6 14. Bxc6 d5 15. Bxd5 Bxd5 16. exd5 Ne4 17. Qe3 Qxd5 18. dxe5 Nc5 19. Rfd1 Qc6 20. Qf4 Ne6 21. Qe3 b4 22.
cxb4 Rxb4 23. Qd3 Ng5 24. Bxg5 hxg5 25. Nxg5 g6 26. Qd5 Qxd5 27. Rxd5 Rb2 28. Rc5 Rb5 29.
Rxb5 axb5 30. Rb1 c6 31. Rd1 b4 32. Rd7 Rc8 33. Rxf7 c5 34. e6 c4 35. e7 b3 36.
axb3 cxb3 37. cxb3 Rc1+ 38. Kh2 Rc8 39. Rf8+ Rxf8 40. exf8=Q+ Kxf8 41. Kg3 Ke7 42.
Kf4 Kf6 43. b4 Ke7 44. b5 Kd7 45. b6 Kc8 46. Ke5 Kb7 47. Kf6 Kxb6 48. h4 Kc7 49. Kxg6 Kd7 50. h5 Ke7 51. Kg7 Kd6 52. h6 Ke5 53. h7 Kf4 54. h8=Q Kg4 55. Qh3+ Kxg5 56. Qg3+ Kh5 57. Kf6 Kh6 58. Qg6 1-0